cohdb
Replays
Latest Replays
All Replays
Popular Replays
Top Player Replays
Match Explorer
How It Works
Community
CoH3 Stats
Reddit
Sign in to upload your games and track your stats! →
Sign in with Steam
Match 39993796
Unlisted
Match 39993796
Overview
Messages
Build Orders
End
Engineer Squad
Construct Barracks
1⁄4-ton 4x4 Truck
Selects Heavy Weapons
Riflemen Squad
Riflemen Squad
Riflemen Squad
Construct Weapon Support Center
Bazooka Squad
Selects Assault Carriers
Mechanized Support Center
Grenade Package
M3 Assault Carrier
Selects Exchangeable Parts
Riflemen Squad
Designate Forward Repair Station
Construct Medical Station
Riflemen Squad
Riflemen Squad
M3 Assault Carrier
M1918 Browning Automatic Rifles
Engineer Squad
Salvage Crew
Selects M26 Pershing Heavy Tank
M26 Pershing Heavy Tank
Designate Forward Repair Station
Selects M2HB .50cal Heavy Machine Gun
FoolishViceroy
^3
0
0
Comments
sign in to comment!
No comments posted yet!